 Dungeon Crawl Stone Soup version 0.31-a0-1388-g4b2ba238e7 (webtiles) character file.

Game seed: 13602461787109412843

11064 BigPumpCobain the Grappler (level 11, -3/172 HPs)
             Began as a Troll Shapeshifter on Dec 25, 2023.
             Was a Priest of Trog.
             Slain by an orc warrior
             ... wielding a +0 glaive
              (7 damage)
             ... on level 10 of the Dungeon.
             The game lasted 00:15:36 (7854 turns).

BigPumpCobain the Grappler (Troll Shapeshifter)     Turns: 7854, Time: 00:15:37

Health: -3/172     AC: 25    Str: 38    XL:     11   Next: 44%
Magic:  0/10       EV:  1    Int:  6    God:    Trog [***...]
Gold:   1722       SH: 11    Dex:  9    Spells: 10/10 levels left

rFire   . .          .
                       - Unarmed
rCold   + . .        B - +5 kite shield of Laeti {+Inv rC+ Str+4}
rNeg    . . .        y - melded +0 steam dragon scales
rPois   +            (helmet currently unavailable)
rElec   .            (cloak currently unavailable)
rCorr   .            (gloves unavailable)
SInv    .            (boots unavailable)
Will    .....        t - amulet "Niwol" {Spirit Str+6}
Stlth   +            (no ring)
HPRegen 1.28/turn    (no ring)
MPRegen 0.12/turn

%: guardian spirit
@: tree-form, weakened
A: stationary, stasis, torment immunity, boosted hp, large, unfitting armour,
(claws 3), regeneration 1, (shaggy fur 1), (tough skin 1)
a: Renounce Religion, Evoke Invisibility, Berserk, Trog's Hand


You were on level 10 of the Dungeon.
You worshipped Trog.
Trog was most pleased with you.
You were a tree.
You visited 2 branches of the dungeon, and saw 11 of its levels.
You also visited: Sewer.

You collected 1722 gold pieces.

Inventory:

Hand Weapons
 E - a +1 whip of freezing
Armour
 y - +0 steam dragon scales (melded)
 B - the +5 kite shield of Laeti (worn) {+Inv rC+ Str+4}
   (You acquired it on level 8 of the Dungeon)

   Str+4:     It affects your strength (+4).
   rC+:       It protects you from cold.
   +Inv:      It lets you turn invisible.
Jewellery
 a - an amulet of guardian spirit
 t - the amulet "Niwol" (around neck) {Spirit Str+6}
   (You found it on level 4 of the Dungeon)

   [amulet of guardian spirit]

   Spirit:    It causes incoming damage to be divided between your reserves of
   health and magic.
   Str+6:     It affects your strength (+6).
 D - a ring of flight
 H - a ring of protection from cold
Talismans
 c - a beast talisman
 d - a flux talisman
 p - a talisman of death
Wands
 s - a wand of flame (27)
 u - a wand of charming (15)
 F - a wand of acid (4)
Scrolls
 f - 9 scrolls of teleportation
 i - 2 scrolls of vulnerability
 j - a scroll of fog {unknown}
 k - a scroll of amnesia
 r - 3 scrolls of enchant weapon {unknown}
 v - 2 scrolls of summoning {unknown}
 z - 5 scrolls of identify
 A - a scroll of poison {unknown}
 C - a scroll of silence {unknown}
 G - a scroll of revelation {unknown}
Potions
 b - a potion of lignification
 e - 3 potions of enlightenment
 g - a potion of berserk rage {unknown}
 h - a potion of curing
 l - 2 potions of haste {unknown}
 m - 2 potions of degeneration {unknown}
 n - a potion of resistance {unknown}
 o - 2 potions of heal wounds {unknown}
 q - 4 potions of might {unknown}
 w - a potion of brilliance {unknown}
 x - 4 potions of attraction {unknown}


   Skills:
 + Level 9.0 Fighting
 - Level 1.5 Dodging
 + Level 11.0 Unarmed Combat
 + Level 10.2 Shapeshifting


You had 10 spell levels left.
You didn't know any spells.
Your spell library contained the following spells:

 Spells                   Type           Power      Damage    Failure   Level
 Necrotise                Necr           0%         1d4       65%         1
 Summon Small Mammal      Summ           0%         N/A       65%         1
 Call Canine Familiar     Summ           0%         N/A       95%         3
 Dazzling Flash           Conj/Hex       0%         N/A       95%         3
 Mephitic Cloud           Conj/Alch/Air  0%         N/A       95%         3
 Stone Arrow              Conj/Erth      0%         3d7       95%         3
 Summon Guardian Golem    Hex/Summ       0%         N/A       95%         3
 Vampiric Draining        Necr           0%         2d6       95%         3
 Animate Armour           Summ/Erth      0%         N/A       100%        4
 Agony                    Necr           0%         N/A       100%        5
 Silence                  Hex/Air        0%         N/A       100%        5
 Lehudib's Crystal Spear  Conj/Erth      0%         10d2      100%        8


Dungeon Overview and Level Annotations

Branches:
Dungeon (10/15)            Temple (1/1) D:7            Lair (0/5) D:9
    Orc (0/2) D:10          Sewer (visited)

Altars:
Ashenzari
Cheibriados
Dithmenos
Elyvilon
Fedhas
Gozag
Hepliaklqana
Kikubaaqudgha
Makhleb
Nemelex Xobeh
Okawaru
Qazlal
Ru
Sif Muna
Trog
Uskayaw
Vehumet
Wu Jian
Xom
Zin
The Shining One

Shops:
D:5 [   D:6 (   D:7 [   D:8 (

Annotations:
D:10 2 transporters


Innate Abilities, Weirdness & Mutations

You are a tree.
Your roots penetrate the ground, keeping you stationary.
You cannot be teleported.
You are immune to unholy pain and torment.
Your maximum health is greatly increased.
Your equipment is partially melded.
You are too large for most types of armour.
((You have claws for hands.))
Your natural rate of healing is unusually fast.
((You are covered in fur. (AC +1)))
((You have tough skin. (AC +1)))


Message History

The two-headed ogre hits you with a +0 giant club.
* * * LOW HITPOINT WARNING * * *
You block the two-headed ogre's attack.
The orc warrior hits you from afar with a +0 glaive.
* * * LOW HITPOINT WARNING * * *
The orc warrior shoots an arrow.
The arrow hits you but does no damage.
The kobold demonologist begins to cast a cantrip, but forgets the words!
You barely miss the two-headed ogre.
The two-headed ogre is moderately wounded.
The gnoll bouda hits you but does no damage.
The orc warrior hits you but does no damage.
The orc warrior shoots an arrow.
The arrow hits you.
* * * LOW HITPOINT WARNING * * *
The two-headed ogre hits you but does no damage.
You block the two-headed ogre's attack.
You hit the two-headed ogre but do no damage.
The two-headed ogre is moderately wounded.
You block the gnoll bouda's attack.
The kobold brigand hits you but does no damage.
The orc warrior hits you but does no damage.
You smack the two-headed ogre!
The two-headed ogre is severely wounded.
You block the kobold brigand's attack.
The gnoll bouda gazes fiercely through you!
You feel as though you will be weak longer.
You block the gnoll bouda's attack.
The two-headed ogre hits you with a +0 giant club!
* * * LOW HITPOINT WARNING * * *
The two-headed ogre hits you with a +0 giant club.
* * * LOW HITPOINT WARNING * * *
You block the orc warrior's attack.
You barely miss the two-headed ogre.
The two-headed ogre is severely wounded.
The kobold demonologist mumbles some strange words.
The kobold brigand hits you but does no damage.
The gnoll bouda gazes fiercely through you!
You feel as though you will be weak longer.
You block the gnoll bouda's attack.
The orc warrior hits you from afar with a +0 glaive!
You die...

##### # #.... !. ....########
.o.......#. ''#OgK...4..
#)♣)...Ko. #..)....#.
#'#################
#......)).).))))... ....~≈~
#.......#....#..... ...P~≈###+#
#.......#.)).#.....
....~~#...#############''''######
....~≈#ooK#............†.........
....~≈#####≈~~~~~~≈~≈~~....~~~≈~≈


You could see a two-headed ogre, an orange demon (summoned), a kobold
demonologist, 2 orc warriors, a kobold brigand and a gnoll bouda.

Vanquished Creatures
  Fannar (D:10)
  4 two-headed ogres
  Nergalle (D:10)
  Pikel (D:7)
  Joseph (D:8)
  2 kobold demonologists (D:10)
  A troll (D:10)
  3 yaks (D:8)
  A warg (D:9)
  4 steam dragons (D:6)
  4 vampire mosquitoes (D:10)
  A water moccasin (D:7)
  9 orc warriors
  A black bear (D:6)
  2 wolves (D:9)
  2 ogres (D:7)
  2 centaurs
  A lemure (D:7)
  11 kobold brigands
  2 gnoll sergeants (D:10)
  4 scorpions
  A bullfrog (D:7)
  5 wights (D:8)
  5 howler monkeys
  A bombardier beetle (D:4)
  6 hounds
  An iron imp (D:10)
  Crazy Yiuf (D:5)
  2 gnoll boudas (D:10)
  11 orc priests
  2 jellies
  2 sleepcaps
  3 iguanas
  8 orc wizards
  3 gnolls (D:3)
  9 adders
  3 river rats
  4 worms
  4 dart slugs
  28 orcs
  14 ball pythons
  10 endoplasms
  7 giant cockroaches
  10 goblins
  6 hobgoblins
  3 jackals (D:1)
  4 quokkas
  8 bats
  2 frilled lizards
  29 kobolds
  6 rats
256 creatures vanquished.

Vanquished Creatures (others)
  A human (D:6)
1 creature vanquished.

Grand Total: 257 creatures vanquished

Notes
Turn   | Place    | Note
-------+----------+-------------------------------------------
     0 | D:1      | BigPumpCobain the Troll Shapeshifter began the quest for
                  | the Orb.
     0 | D:1      | Reached XP level 1. HP: 18/18 MP: 0/0
    81 | D:1      | Reached skill level 1 in Fighting
   177 | D:1      | Reached XP level 2. HP: 27/27 MP: 1/1
   403 | D:1      | Reached XP level 3. HP: 30/32 MP: 2/2
   838 | D:2      | Identified a scroll of acquirement
   838 | D:2      | Acquired 999 gold pieces
  1100 | D:2      | Reached XP level 4. HP: 35/42 MP: 3/3
  1612 | D:3      | Reached skill level 4 in Unarmed Combat
  1619 | D:3      | Reached XP level 5. HP: 30/50 MP: 4/4
  2312 | D:4      | Identified the amulet "Niwol" {Spirit Str+6}
  2400 | D:4      | Reached XP level 6. HP: 56/59 MP: 3/5
  2987 | D:5      | Entered Level 5 of the Dungeon
  3010 | D:5      | Reached skill level 5 in Unarmed Combat
  3042 | D:5      | Found a runed translucent door.
  3043 | D:5      | Noticed Crazy Yiuf
  3103 | D:5      | Found a glowing silver altar of Zin.
  3136 | D:5      | Reached XP level 7. HP: 32/67 MP: 1/6
  3349 | D:5      | Found a glowing drain.
  3363 | Sewer    | Entered a sewer
  3418 | Sewer    | Reached skill level 5 in Shapeshifting
  3895 | Sewer    | Reached skill level 6 in Unarmed Combat
  4079 | D:5      | Reached XP level 8. HP: 79/79 MP: 7/7
  4209 | D:5      | Found a white marble altar of Elyvilon.
  4392 | D:5      | Found Biuh's Armour Shoppe.
  4395 | D:5      | Found a burning altar of Makhleb.
  4466 | D:5      | Killed Crazy Yiuf
  4646 | D:6      | Reached skill level 5 in Fighting
  4759 | D:6      | Reached skill level 7 in Unarmed Combat
  4914 | D:6      | Found an ancient bone altar of Kikubaaqudgha.
  4935 | D:6      | Found Gelomy's Antique Weapon Boutique.
  5539 | D:7      | Reached XP level 9. HP: 61/89 MP: 5/8
  5847 | D:7      | Found a staircase to the Ecumenical Temple.
  6027 | Temple   | Entered the Ecumenical Temple
  6050 | Temple   | Became a worshipper of Trog the Wrathful
  6116 | D:7      | Noticed Pikel
  6136 | D:7      | Killed Pikel
  6137 | D:7      | Reached skill level 8 in Unarmed Combat
  6239 | D:7      | Found Okurgha's Armour Shoppe.
  6576 | D:8      | Reached * piety under Trog
  6610 | D:8      | Found a hide-covered altar of Uskayaw.
  6660 | D:8      | Reached skill level 9 in Unarmed Combat
  6660 | D:8      | Reached XP level 10. HP: 102/102 MP: 9/9
  6720 | D:8      | Found Miskit's Antique Weapon Shoppe.
  6811 | D:8      | Noticed Joseph
  6821 | D:8      | Killed Joseph
  6915 | D:8      | Acquired the +5 kite shield of Laeti {+Inv rC+ Str+4}
  6996 | D:9      | Noticed a two-headed ogre
  7002 | D:9      | Killed a two-headed ogre
  7065 | D:9      | Found a staircase to the Lair.
  7209 | D:9      | You fall into a shaft and drop 1 floor!
  7209 | D:10     | Entered Level 10 of the Dungeon
  7210 | D:10     | Found a staircase to the Orcish Mines.
  7226 | D:10     | Found a transporter.
  7353 | D:10     | Noticed Nergalle
  7362 | D:10     | Killed Nergalle
  7415 | D:10     | Found a transporter.
  7416 | D:10     | Noticed a tengu warrior
  7418 | D:10     | Found a broken altar of Ashenzari.
  7419 | D:10     | Noticed a sphinx
  7444 | D:10     | Reached ** piety under Trog
  7465 | D:10     | Reached skill level 10 in Unarmed Combat
  7491 | D:10     | Found a snail-covered altar of Cheibriados.
  7526 | D:10     | Noticed Fannar
  7556 | D:10     | Killed Fannar
  7566 | D:10     | Reached XP level 11. HP: 26/113 MP: 3/10
  7579 | D:10     | Noticed a two-headed ogre
  7595 | D:10     | Killed a two-headed ogre
  7721 | D:10     | Noticed a two-headed ogre
  7729 | D:10     | Killed a two-headed ogre
  7746 | D:10     | Reached skill level 10 in Shapeshifting
  7830 | D:10     | Reached *** piety under Trog
  7830 | D:10     | Noticed a two-headed ogre
  7836 | D:10     | Noticed a two-headed ogre
  7841 | D:10     | HP: 1/169 [two-headed ogre/+0 giant club (11)]
  7846 | D:10     | Killed a two-headed ogre
  7846 | D:10     | HP: 8/169 [two-headed ogre/+0 giant club (13)]
  7847 | D:10     | Reached skill level 11 in Unarmed Combat
  7853 | D:10     | HP: 5/172 [two-headed ogre/+0 giant club (11)]
  7854 | D:10     | Slain by an orc warrior

Illustrated notes

Levels and vault maps discovered:
D:1:      dpeg_arrival_stone_temple_mockup, layout_loops_ring
D:2:      layout_basic
D:3:      layout_basic, kennysheep_generic_room_5
D:4:      layout_cave_pods
D:5:      layout_cave_pods, makhleb_heckhound_becter, elyvilon_altar_4,
          amcnicky_altar_gilded, serial_shops, shop, portal_sewer_entry_b,
          eino_small_chamber_without_monster, uniq_crazy_yiuf_cottage
D:6:      cheibrodos_steamvent, layout_basic, tgw_kikubaaqudgha, serial_shops,
          nicolae_shop_trees
D:7:      layout_basic, minmay_temple_entry_sparse_star, serial_shops,
          nicolae_shop_pleasant_corner_grove, uniq_pikel
D:8:      layout_rooms, eat_drink_and_be_merry_uskayaw, serial_shops,
          nicolae_shop_advertising_works [nicolae_subvault_shop_adworks],
          kennysheep_windowed_goal, uniq_joseph
D:9:      layout_irregular_city, lemuel_crystal_altar,
          erik_lair_orcish_takeover, serial_shops, nicolae_shop_rolled_up
D:10:     lemuel_castle_with_subvaults [lemuel_castle_interior_carwin_3],
          layout_stronghold, slow_altar_1, gammafunk_temple_overflow_arena,
          nicolae_concentric_dashed_squares_mild, uniq_josephine, uniq_fannar,
          uniq_nergalle
Temple:   jpeg_temple_clearing

Skill      XL: |  1  2  3  4  5  6  7  8  9 10 11 |
---------------+----------------------------------+-----
Fighting       | 1 2 3 4 5 7 8 9 |  9.0
Unarmed Combat | 4 5 6 7 9 10 11 | 11.0
Shapeshifting  | 4 5 6 8 9 10 | 10.2
Dodging        | |  1.5

Action                     |  1- 3 |  4- 6 |  7- 9 | 10-12 || total
---------------------------+-------+-------+-------+-------++-------
  Melee: Unarmed           |   103 |   127 |   242 |   180 ||   652
         Punch             |     1 |     2 |     9 |     1 ||    13
    Use: Scroll            |     3 |     2 |       |     2 ||     7
         Potion            |       |       |       |     5 ||     5
   Stab: Sleeping          |     1 |       |       |       ||     1
         Distracted        |       |       |     1 |       ||     1
 Armour: Animal skin       |    78 |    97 |    50 |       ||   225
         Steam dragon scal |       |       |   104 |   125 ||   229
         Skin              |       |       |       |    28 ||    28
  Dodge: Dodged            |    52 |    52 |    81 |    38 ||   223
  Block: Kite shield       |       |       |       |   120 ||   120

Table legend: (Time is in decaauts)
 A = Elapsed time spent in this place.
 B = Non-inter-level travel time spent in this place.
 C = Inter-level travel time spent in this place.
 D = Time resting spent in this place.
 E = Time spent auto-exploring this place.
 F = Levels seen in this place.
 G = Mean time per level.
                   A        B        C        D        E       F      G
               +--------+--------+--------+--------+--------+-----+--------+
         Total |   7783 |   7248 |    535 |     54 |   5551 |  12 |  648.6 |
       Dungeon |   7149 |   6660 |    489 |     54 |   5153 |  10 |  714.9 |
        Temple |     49 |      4 |     45 |      0 |      0 |   1 |   49.0 |
         Sewer |    584 |    584 |      0 |      0 |    398 |   1 |  584.0 |
               +--------+--------+--------+--------+--------+-----+--------+

Top non-repeatable levels by time:
     D:6: 986 daAuts
     D:5: 946 daAuts
     D:3: 911 daAuts
     D:7: 822 daAuts
     D:4: 776 daAuts
     D:1: 665 daAuts
    D:10: 628 daAuts
     D:2: 618 daAuts
   Sewer: 584 daAuts
     D:8: 549 daAuts
     D:9: 243 daAuts
  Temple: 49 daAuts
